 Dungeon Crawl Stone Soup version 0.23.1 (webtiles) character file.

Game seed: 13426959151999067036

165 Delanovic the Skirmisher (level 5, 0/37 HPs)
             Began as an Octopode Wanderer on Mar 2, 2019.
             Slain by an ogre
             ... wielding a +0 giant spiked club
              (13 damage)
             ... on level 4 of the Dungeon.
             The game lasted 00:06:39 (2950 turns).

Delanovic the Skirmisher (Octopode Wanderer)        Turns: 2950, Time: 00:06:39

Health: 0/37       AC:  8    Str: 10    XL:     5   Next: 46%
Magic:  10/10      EV: 12    Int: 16    God:
Gold:   162        SH:  0    Dex: 12    Spells: 7/10 levels left

rFire    . . .     SeeInvis +   b - +1 short sword (protect)
rCold    . . .     Gourm    .   (no shield)
rNeg     . . .     Faith    +   (helmet restricted)
rPois    .         Spirit   .   j - amulet of faith
rElec    .         Reflect  .   i - ring of protection from magic
rCorr    .         Harm     .   v - ring of see invisible
MR       +....                  (no ring)
Stlth    +++.......             (no ring)
HPRegen  0.12/turn              (no ring)
MPRegen  0.12/turn              (no ring)
                                (no ring)
                                (no ring)

@: protection aura
A: almost no armour, stealthy swim, amphibious, 8 rings, constrict 8, camouflage
1, gelatinous body 1
a: no special abilities


You were on level 4 of the Dungeon.
You were not hungry.

You visited 1 branch of the dungeon, and saw 4 of its levels.

You collected 162 gold pieces.

Inventory:

Hand Weapons
 a - a +0 hand crossbow
 b - a +1 short sword of protection (weapon)
 n - a +0 hand axe
Missiles
 d - 47 bolts
 p - a throwing net (quivered)
Jewellery
 i - a ring of protection from magic (left tentacle)
 j - an amulet of faith (around mantle)
 v - a ring of see invisible (right tentacle)
Scrolls
 c - 2 scrolls of blinking {unknown}
 m - a scroll of remove curse
 o - 2 scrolls of identify
 r - a scroll of immolation {unknown}
 u - 2 scrolls of teleportation {unknown}
 w - a scroll of enchant weapon {unknown}
 y - a scroll of magic mapping {unknown}
Potions
 e - a potion of heal wounds {unknown}
 g - 2 potions of haste {unknown}
 h - 3 potions of curing {unknown}
 k - a potion of agility {unknown}
 l - 2 potions of lignification {unknown}
 q - 2 potions of degeneration {unknown}
 s - a potion of mutation {unknown}
 t - a potion of flight {unknown}
Comestibles
 f - 7 rations
 x - a chunk of flesh


   Skills:
 + Level 4.0 Fighting
 + Level 3.2 Crossbows
 + Level 3.2 Stealth
 - Level 3.3 Spellcasting
 + Level 1.7 Translocations
   Level 1.1 Evocations


You had 7 spell levels left.
You knew the following spells:

 Your Spells              Type           Power        Failure   Level  Hunger
a - Magic Dart            Conj           #...         19%         1    None
b - Blink                 Tloc           N/A          14%         2    ##.....

Your spell library contained the following spells:

 Spells                   Type           Power        Failure   Level  Hunger
 Confusing Touch          Hex            #.....       19%         1    None
 Call Imp                 Summ           #.......     26%         2    ##.....
 Slow                     Hex            #.......     26%         2    ##.....
 Gell's Gravitas          Tloc           #.........   26%         3    ###....
 Confuse                  Hex            #.......     47%         3    ###....
 Conjure Flame            Conj/Fire      #.......     47%         3    ###....
 Mephitic Cloud           Conj/Pois/Air  #.......     47%         3    ###....
 Petrify                  Tmut/Erth      #.......     87%         4    ####...
 Metabolic Englaciation   Hex/Ice        #.........   99%         5    ######.
 Yara's Violent Unravell  Hex/Tmut       #.........   99%         5    ######.


Dungeon Overview and Level Annotations

Branches:
Dungeon (4/15)
 Temple: D:4-7

Altars:
Gozag
Qazlal

Shops:
D:2 *


Innate Abilities, Weirdness & Mutations

You cannot wear most types of armour.
You are very stealthy in the water. (Stealth+)
You are amphibious.
You can wear up to eight rings at the same time.
You can use your tentacles to constrict eight enemies at once.
Your skin changes colour to match your surroundings (Stealth+).
Your rubbery body absorbs attacks. (AC +1, EV +1)


Message History

Firing (i - inventory. (/) - cycle)
d - 48 bolts (quivered)
Press: ? - help, Shift-Dir - straight line, f/p - ogre
Aim: an ogre, wielding a +0 giant spiked club You shoot a bolt.
The bolt barely misses the ogre.
Your +1 short sword of protection hums with potential!
b - a +1 short sword of protection (weapon)
You hit the ogre.
Your weapon exudes an aura of protection.
The ogre is moderately wounded.
The ogre hits you with a +0 giant spiked club!!
Ouch! That really hurt!
Okay, then.
You barely miss the ogre.
The ogre is moderately wounded.
The ogre hits you with a +0 giant spiked club.
You hit the ogre.
Your weapon exudes an aura of protection.
The ogre is heavily wounded.
The ogre hits you with a +0 giant spiked club!
You die...

...#. ##### #.... ...... #
#....#..#.(.
.##.#...#.....(#
.Z.............
.............# #Z.#.###..
######O!........
#....@.##.####.#######
#########.#######.#
#........ ........#.### #.#
#........ ............# #.#
##.......# #######.#.#.##
##.###........# ####.#'#..#
#.............#
.........#.###..###.........
.........#..##..# #........#
.........##.....# #.###..#..


You could see an ogre and an adder skeleton.

Vanquished Creatures
  An orc wizard (D:3)
  5 adders
  2 oozes (D:2)
  2 worms (D:2)
  A dart slug (D:1)
  A leopard gecko (D:1)
  6 orcs (D:3)
  A ball python (D:1)
  6 giant cockroaches
  10 goblins
  6 hobgoblins
  5 jackals
  2 kobolds
  2 quokkas
  11 bats
  A frilled lizard (D:3)
  6 rats
68 creatures vanquished.

Notes
Turn   | Place    | Note
-------+----------+-------------------------------------------
     0 | D:1      | Delanovic the Octopode Wanderer began the quest for the
                  | Orb.
     0 | D:1      | Delanovic set off with the following items: a +0 hand axe,
                  | a +0 hand crossbow, 25 bolts, a ration; and the following
                  | spell memorised: Magic Dart; and the following spells
                  | available to memorise: Blink, Call Imp, Slow, Conjure
                  | Flame, Mephitic Cloud
     0 | D:1      | Reached XP level 1. HP: 16/16 MP: 4/4
   167 | D:1      | Reached XP level 2. HP: 21/21 MP: 6/6
   653 | D:1      | Reached XP level 3. HP: 23/26 MP: 7/7
  1146 | D:1      | Learned a level 2 spell: Blink
  1338 | D:2      | Found an opulent altar of Gozag.
  1338 | D:2      | Found Gozag's Platinum Reserve.
  1389 | D:2      | Found a faded altar of an unknown god.
  1550 | D:2      | Reached XP level 4. HP: 32/32 MP: 9/9
  1611 | D:2      | Reached skill level 1 in Translocations
  1819 | D:3      | Found a stormy altar of Qazlal.
  2035 | D:3      | Reached XP level 5. HP: 35/37 MP: 10/10
  2362 | D:3      | Reached skill level 4 in Fighting
  2939 | D:4      | Noticed an ogre
  2950 | D:4      | Slain by an ogre

Skill      XL: |  1  2  3  4  5 |
---------------+----------------+-----
Stealth        | 2 3 |  3.2
Translocations | 1 |  1.7
Crossbows      | 3 |  3.2
Fighting       | 4 |  4.0
Spellcasting   | |  3.3
Evocations     | |  1.1

Action                   |  1- 3 |  4- 6 || total
-------------------------+-------+-------++-------
Melee: Hand axe          |    55 |       ||    55
       Constrict         |    17 |    19 ||    36
       Tentacles         |     9 |    13 ||    22
       Short sword       |    21 |    80 ||   101
 Fire: Hand crossbow     |       |     3 ||     3
  Use: Scroll            |     3 |       ||     3
 Stab: Sleeping          |    12 |     7 ||    19
  Eat: Chunk             |     2 |     4 ||     6
Armor: Skin              |    12 |    13 ||    25
Dodge: Dodged            |    52 |    35 ||    87
